 Dungeon Crawl Stone Soup version 0.30.0 (webtiles) character file.

Game seed: 12014907858833229954

9114 Ayyar the Fighter (level 11, -3/91 HPs)
             Began as a Minotaur Fighter on May 10, 2023.
             Was a Priest of Hepliaklqana.
             Killed by divine providence
             ... invoked by a meliai
              (11 damage)
             ... on level 10 of the Dungeon.
             The game lasted 00:48:24 (10432 turns).

Ayyar the Fighter (Minotaur Fighter)               Turns: 10432, Time: 00:48:24

Health: -3/91      AC: 16    Str: 26    XL:     11   Next: 18%
Magic:  10/10      EV:  9    Int:  5    God:    Hepliaklqana [***...]
Gold:   388        SH:  6    Dex:  9    Spells: 10/10 levels left

rFire   . . .        y - +0 falchion (vamp)
rCold   . . .        c - +0 buckler
rNeg    . . .        g - +0 chain mail
rPois   +            (helmet restricted)
rElec   .            C - +1 cloak {rPois}
rCorr   .            t - +0 pair of gloves
SInv    .            (no boots)
Will    ++...        (no amulet) Stlth
                     e - ring of willpower
HPRegen 0.35/turn    U - ring of willpower
MPRegen 0.12/turn

%: no passive effects
@: lethally poisoned (-3 -> -6)
A: reduced essence, horns 2, retaliatory headbutt
a: Renounce Religion, Recall Ancestor, Ancestor Identity, Transference


You were on level 10 of the Dungeon.
You worshipped Hepliaklqana.
Hepliaklqana was most pleased with you.
You visited 2 branches of the dungeon, and saw 11 of its levels.
You also visited: Bailey.

You collected 793 gold pieces.
You spent 405 gold pieces at shops.

Inventory:

Hand Weapons
 u - a +2 short sword of electrocution
 y - a +0 vampiric falchion (weapon)
 V - a +3 long sword of electrocution
Missiles
 x - 3 boomerangs (quivered)
 K - 3 throwing nets
 L - 6 javelins
Armour
 c - a +0 buckler (worn)
 g - a +0 chain mail (worn)
 t - a +0 pair of gloves (worn)
 C - a +1 cloak of poison resistance (worn)
 Q - +0 swamp dragon scales
 W - a +2 tower shield
Jewellery
 e - a ring of willpower (left hand)
 G - a ring of wizardry
 J - an amulet of guardian spirit
 M - an amulet of the acrobat
 O - a ring of resist corrosion
 U - a ring of willpower (right hand)
Wands
 a - a wand of flame (11)
 n - a wand of acid (12)
 S - a wand of paralysis (13)
 T - a wand of iceblast (24)
Scrolls
 b - 3 scrolls of identify
 h - 2 scrolls of enchant weapon
 k - a scroll of fog
 m - 7 scrolls of teleportation
 o - a scroll of blinking
 p - a scroll of silence {unknown}
 s - 8 scrolls of enchant armour
 v - a scroll of poison {unknown}
 D - a scroll of amnesia {unknown}
 E - 2 scrolls of immolation {unknown}
 R - a scroll of vulnerability {unknown}
Potions
 d - 2 potions of might
 f - 5 potions of brilliance
 i - 2 potions of attraction {unknown}
 j - 5 potions of heal wounds
 l - 3 potions of invisibility
 q - 6 potions of curing
 r - 3 potions of cancellation {unknown}
 w - 2 potions of ambrosia {unknown}
 z - a potion of degeneration {unknown}
 A - 2 potions of haste
 B - a potion of magic {unknown}
 F - 2 potions of mutation
 I - 3 potions of flight {unknown}
 N - a potion of lignification {unknown}
 P - 2 potions of resistance {unknown}
Miscellaneous
 H - a phial of floods


   Skills:
 + Level 11.1 Fighting
 + Level 10.8 Long Blades
 + Level 11.1 Armour
 + Level 11.1 Shields


You had 10 spell levels left.
You didn't know any spells.
Your spell library contained the following spells:

 Spells                   Type           Power      Damage    Failure   Level
 Slow                     Hex            0%         N/A       91%         1
 Confusing Touch          Hex            0%         N/A       100%        3
 Vampiric Draining        Necr           0%         2d6       100%        3
 Blade Hands              Tmut           0%         N/A       100%        5
 Irradiate                Conj/Tmut      0%         3d11      100%        5
 Dragon Form              Tmut           0%         N/A       100%        7


Dungeon Overview and Level Annotations

Branches:
Dungeon (10/15)            Temple (1/1) D:6             Orc (0/2) D:9
 Bailey (visited)
   Lair: D:8-11

Altars:
Cheibriados
Dithmenos
Elyvilon
Fedhas
Gozag
Hepliaklqana
Kikubaaqudgha
Nemelex Xobeh
Sif Muna
Trog
Uskayaw
Wu Jian
Xom
Yredelemnul
Zin
The Shining One

Shops:
D:3 [   D:6 ?

Annotations:
D:9 1 transporter, arghonaut's ghost, journeyman HOMo


Innate Abilities, Weirdness & Mutations

Your life essence is reduced to manifest your ancestor. (-10% HP)
You have a pair of horns on your head.
You reflexively headbutt those who attack you in melee.


Message History

The meliai poisons you!
Amnanu hits the ogre with a +0 dagger of draining!
You hit the meliai.
The meliai is heavily wounded.
You feel very sick. The meliai hits you with a +0 hand axe.
The meliai stings you.
The meliai mumbles some strange prayers to its god against you.
Something smites you! The meliai hits you but does no damage.
You block the meliai's attack.
You closely miss the meliai.
The meliai is heavily wounded.
You feel very sick. The meliai hits you with a +0 hand axe.
You block the meliai's attack.
The ogre barely misses Amnanu.
Amnanu barely misses the ogre.
You barely miss the meliai.
The meliai is heavily wounded.
You feel very sick. You block the meliai's attack.
The meliai stings you but does no damage.
Amnanu hits the ogre with a +0 dagger of draining.
Amnanu drains the ogre.
The meliai attacks as you move away! The meliai closely misses you.
You furiously retaliate!
You headbutt the meliai.
The meliai stings you but does no damage.
You feel very sick.
Amnanu casts a spell at the meliai.
The ogre resists with significant effort.
The meliai hits you but does no damage. The meliai completely misses you.
The ogre hits Amnanu with a +0 giant club!!
Amnanu is destroyed!
You feel sick. You block the meliai's attack. x2
You feel sick. You block the meliai's attack. The meliai barely misses you.
You feel sick.
The meliai calls down the wrath of its god upon you.
Something smites you!
* * * LOW HITPOINT WARNING * * *
You feel sick.
The meliai mumbles some strange prayers to its god against you.
Something smites you!
You die...

##....<...........'........##..#.
........)....#.>.##........##..#.
.................##.....#.###..#.
.............#...##.....#.# #..#.
.............###.##.....#.# #..#.
...###..########.##.....#.# #....
.#.# #..................#.####.#.
...#................###......[.#'
...#.#.#########@##.# #.#.##.....
...# #.. #.##.###.#.##.....
#y................
#O.#.###.#.##..... #O...#
#.#.##..... O #y#..# #.#.##.....
.O #.##.# #.#.##..... .O.
#.##.###.# #####. .... #O.......#
#.


You could see 2 ogres and 2 meliai.

Vanquished Creatures
  Harold (D:9)
  A two-headed ogre (D:9)
  Maggie (D:7)
  A gargoyle (D:10)
  2 wyverns
  6 yaks (D:9)
  A steam dragon (D:6)
  A water moccasin (D:8)
  Duvessa (D:4)
  2 black bears
  10 orc warriors
  3 ice beasts
  3 sky beasts
  An ogre (D:9)
  2 centaurs
  2 kobold brigands
  A bullfrog (D:7)
  4 scorpions
  2 gnoll sergeants
  Dowan (D:4)
  4 killer bees (D:9)
  A howler monkey (D:5)
  11 hounds
  A jelly (D:6)
  6 orc priests
  6 gnoll boudas
  3 iguanas
  7 orc wizards
  27 gnolls
  8 adders
  A shadow imp (D:5)
  A white imp (D:5)
  3 ufetubi
  A worm (D:2)
  3 dart slugs
  52 orcs
  4 endoplasms
  2 giant cockroaches (D:4)
  5 goblins
  8 hobgoblins
  12 jackals (D:5)
  12 kobolds
  9 quokkas
  7 ball pythons
  4 bats
  5 frilled lizards
  4 rats
253 creatures vanquished.

Vanquished Creatures (collateral kills)
  Psyche (D:10)
  A hornet (D:9)
  A meliai (D:10)
  3 yaks (D:9)
  A water moccasin (D:8)
  A centaur (D:9)
  A kobold brigand (D:9)
  A killer bee (D:9)
  A howler monkey (D:9)
  An orc priest (D:9)
  A gnoll bouda (D:9)
  A jelly (D:7)
  An orc wizard (D:9)
  A gnoll (D:9)
  9 orcs
  4 hobgoblins (D:9)
  2 kobolds
31 creatures vanquished.

Vanquished Creatures (others)
  5 hexers
  An ancestor (D:8)
  4 fungi
  3 plants
13 creatures vanquished.

Grand Total: 297 creatures vanquished

Notes
Turn   | Place    | Note
-------+----------+-------------------------------------------
     0 | D:1      | Ayyar the Minotaur Fighter began the quest for the Orb.
     0 | D:1      | Reached XP level 1. HP: 19/19 MP: 0/0
   457 | D:1      | Reached XP level 2. HP: 26/27 MP: 1/1
   656 | D:1      | Found a faded altar of an unknown god.
   981 | D:2      | Reached XP level 3. HP: 30/33 MP: 2/2
  1120 | D:2      | Reached XP level 4. HP: 40/40 MP: 3/3
  1538 | D:3      | Found a shimmering altar of Xom.
  1727 | D:3      | Found Fetuxt's Antique Armour Shop.
  1788 | D:3      | Found an ancient bone altar of Kikubaaqudgha.
  1844 | D:3      | Found a blossoming altar of Fedhas.
  2515 | D:4      | Noticed Duvessa
  2515 | D:4      | Noticed Dowan
  2529 | D:5      | Entered Level 5 of the Dungeon
  2536 | D:5      | Reached XP level 5. HP: 43/47 MP: 4/4
  2593 | D:5      | Noticed a centaur
  2600 | D:5      | Killed a centaur
  2601 | D:5      | Reached skill level 5 in Armour
  2601 | D:5      | Reached skill level 5 in Shields
  2713 | D:5      | Reached skill level 5 in Fighting
  2796 | D:4      | Reached XP level 6. HP: 56/56 MP: 5/5
  2984 | D:4      | Found a hazy altar of Hepliaklqana.
  3111 | D:4      | Found a hide-covered altar of Uskayaw.
  3208 | D:5      | Found a hazy altar of Hepliaklqana.
  3239 | D:5      | Became a worshipper of Hepliaklqana the Forgotten
  3314 | D:5      | Found a shadowy altar of Dithmenos.
  3329 | D:5      | Reached skill level 5 in Long Blades
  3329 | D:5      | Reached XP level 7. HP: 59/62 MP: 6/6
  4173 | D:5      | Reached XP level 8. HP: 69/71 MP: 7/7
  4339 | D:5      | Found a shimmering blue altar of Sif Muna.
  4521 | D:5      | Found a bloodstained altar of Trog.
  4630 | D:4      | Killed Dowan
  4722 | D:4      | Found an ornate altar of the Wu Jian Council.
  4822 | D:4      | Killed Duvessa
  5181 | D:6      | Found Xoamaji's Magic Scroll Boutique.
  5186 | D:6      | Bought 3 scrolls of enchant armour for 225 gold pieces
  5186 | D:6      | Bought a scroll of magic mapping for 75 gold pieces
  5186 | D:6      | Bought a scroll of teleportation for 30 gold pieces
  5186 | D:6      | Bought a scroll of blinking for 75 gold pieces
  5237 | D:6      | Found a staircase to the Ecumenical Temple.
  5258 | Temple   | Entered the Ecumenical Temple
  5479 | D:6      | Found a glowing silver altar of Zin.
  5705 | D:6      | Reached XP level 9. HP: 25/81 MP: 8/8
  6280 | D:7      | Found a snail-covered altar of Cheibriados.
  6298 | D:7      | Reached * piety under Hepliaklqana
  6371 | D:7      | Noticed Maggie
  6384 | D:7      | Killed Maggie
  7435 | D:8      | Found an opulent altar of Gozag.
  7814 | D:8      | Reached ** piety under Hepliaklqana
  7916 | D:8      | Noticed a centaur warrior
  8030 | D:8      | Found a sparkling altar of Nemelex Xobeh.
  8040 | D:8      | Found a basalt altar of Yredelemnul.
  8100 | D:9      | Noticed Harold
  8120 | D:9      | Killed Harold
  8121 | D:9      | Reached XP level 10. HP: 15/81 MP: 9/9
  8125 | D:9      | Remembered your ancestor Amnanu as a hexer
  8193 | D:9      | Found a flagged portal.
  8298 | D:9      | Noticed a two-headed ogre
  8304 | D:9      | Reached skill level 10 in Shields
  8307 | D:9      | Reached skill level 10 in Fighting
  8307 | D:9      | Reached skill level 10 in Armour
  8323 | D:9      | Killed a two-headed ogre
  8324 | D:9      | Reached skill level 10 in Long Blades
  8354 | Bailey   | Entered a bailey
  8849 | Bailey   | Noticed an orc knight
  8849 | Bailey   | Noticed an orc knight
  9254 | D:9      | Found a transporter.
  9318 | D:9      | Noticed arghonaut's ghost (journeyman HOMo)
  9321 | D:9      | Noticed a two-headed ogre
  9444 | D:9      | Reached XP level 11. HP: 84/90 MP: 10/10
  9809 | D:9      | Found a white marble altar of Elyvilon.
  9814 | D:9      | Paralysed by a hornet for 1 turns
  9869 | D:9      | You fall into a shaft and drop 1 floor!
  9869 | D:10     | Entered Level 10 of the Dungeon
  9882 | D:10     | Reached *** piety under Hepliaklqana
 10362 | D:10     | Noticed Psyche
 10376 | D:10     | Killed Psyche
 10432 | D:10     | Killed from afar by a meliai

Illustrated notes

Levels and vault maps discovered:
D:1:      amcnicky_arrival_single_pillar, layout_basic,
          shapermc_ecumenical_altar_mp_vishouse
D:2:      layout_basic, chequers_serial_rivers_small_3,
          amcnicky_mini_corridor_feature
D:3:      layout_basic, amcnicky_altar_gilded, kiku_gazebo_pond_becter,
          fedhas_ov_isle_minmay, serial_shops, shop, minmay_misc_feat_hallway,
          hangedman_abyss_or_decor_stabs, guppyfry_early_orc_mine
D:4:      layout_basic, mainiacjoe_overflow_six_doors_small, lemuel_tele_altar,
          nicolae_wu_jian_wuxing_cycle, uniq_duvessa
D:5:      lemuel_castle_with_subvaults [lemuel_castle_interior_carwin_3],
          layout_loops_cross, nicolae_sif_muna_little_library, trog_book,
          grunt_ministairs_9, hangedman_feature_mirror
D:6:      layout_loops_ring, mainiacjoe_overflow_alcove_4,
          minmay_temple_entry_overgrown, serial_shops, shop
D:7:      layout_rooms, cheibriados_altar_1, kennysheep_flooded_box,
          dreamdust_princess_corridor, uniq_maggie
D:8:      layout_basic, mainiacjoe_overflow_tiny_flanked,
          amethyst_overflow_temple_binary, onia_ninara_dug_in_and_dangerous
D:9:      kennysheep_housing_project, layout_loops_cross,
          overflow_temple_1_default, mainiacjoe_overflow_chevrons, orc_david_3,
          nzn_ghost_randoct, serial_shops, shop, enter_bailey_6,
          serial_bayou_pond_d, kennysheep_doodads, uniq_harold
D:10:     layout_basic, mainiacjoe_overflow_cross_hatched, uniq_lodul,
          uniq_psyche
Temple:   hellmonk_temple_two_chambers

Skill      XL: |  1  2  3  4  5  6  7  8  9 10 11 |
---------------+----------------------------------+-----
Shields        | 4 5 6 8 9 10 11 | 11.1
Fighting       | 4 5 6 7 9 10 11 | 11.1
Armour         | 4 5 6 8 9 10 11 | 11.1
Long Blades    | 3 4 5 6 7 9 10 | 10.8

Action                     |  1- 3 |  4- 6 |  7- 9 | 10-12 || total
---------------------------+-------+-------+-------+-------++-------
  Melee: Long sword        |    79 |   115 |       |    48 ||   242
         Headbutt          |     8 |    26 |   113 |    66 ||   213
         Falchion          |       |    61 |   580 |   248 ||   889
  Throw: Boomerang         |       |       |    38 |    15 ||    53
 Invoke: Recall Ancestor   |       |       |       |     2 ||     2
         Ancestor Life: He |       |       |       |     1 ||     1
  Evoke: Wand              |       |       |     3 |       ||     3
    Use: Scroll            |       |     2 |     8 |     2 ||    12
         Potion            |       |       |     1 |     2 ||     3
   Stab: Distracted        |       |       |     1 |       ||     1
         Confused          |       |       |       |     5 ||     5
 Armour: Scale mail        |     2 |       |       |       ||     2
         Chain mail        |    28 |   121 |   320 |   109 ||   578
  Dodge: Dodged            |    34 |    73 |   206 |   104 ||   417
  Block: Buckler           |    13 |    49 |   117 |    85 ||   264
